 Dungeon Crawl Stone Soup version 0.21-a0-630-g344d351 (webtiles) character file.

5 Firecrotchwizard the Skirmisher (level 1, 0/19 HPs)
             Began as a Draconian Berserker on Dec 27, 2017.
             Was a Follower of Trog.
             Slain by a leopard gecko (3 damage)
             ... on level 1 of the Dungeon.
             The game lasted 00:00:29 (77 turns).

Firecrotchwizard the Skirmisher (Draconian Berserker) Turns: 77, Time: 00:00:29

Health: 0/19       AC:  4    Str: 19    XL:     1   Next: 66%
Magic:  1/1        EV: 12    Int:  7    God:    Trog [*.....]
Gold:   29         SH:  0    Dex: 10    Spells: 0/0 levels left

rFire    . . .     SeeInvis .   a - +0 falchion
rCold    . . .     Gourm    .   (no shield)
rNeg     . . .     Faith    .   (armour unavailable)
rPois    .         Spirit   .   (helmet restricted)
rElec    .         Reflect  .   (no cloak)
rCorr    .         Harm     .   (no gloves)
MR       .....                  (no boots)
Stlth    +.........             (no amulet)
HPRegen  0.06/turn              (no ring)
MPRegen  0.07/turn              (no ring)

@: no status effects
A: unfitting armour, cold-blooded, AC +4
a: Berserk, Burn Spellbooks, Renounce Religion


You were on level 1 of the Dungeon.
You worshipped Trog.
Trog was aware of your devotion.
You were not hungry.

You visited 1 branch of the dungeon, and saw 1 of its levels.

You collected 29 gold pieces.

Inventory:

Hand Weapons
 a - a +0 falchion (weapon)
Comestibles
 b - 2 rations {@e1}
 c - 2 chunks of flesh {@w0}


   Skills:
 + Level 3.4 Fighting
 * Level 3.2 Long Blades
 + Level 2.7 Dodging


You couldn't memorise any spells.
You didn't know any spells.

Dungeon Overview and Level Annotations

Branches:
Dungeon (1/15)

Altars:


Innate Abilities, Weirdness & Mutations

Your plain brown scales are hard. (AC +4)
You cannot fit into any form of body armour.
You are cold-blooded and may be slowed by cold attacks.


Message History

There is an open door here.
You open the door.
There is an open door here.
You now have 15 gold pieces.
You open the door.
There is an open door here.
You now have 29 gold pieces (gained 14).
A frilled lizard comes into view.
The frilled lizard hisses angrily.
The frilled lizard bites you.
You take 2 damage, and have 17/19 hp.
You hit the frilled lizard.
You kill the frilled lizard!
Trog accepts your kill.
No target in view!
A rat comes into view.
The helpless rat fails to defend itself.
You hit the rat.
You kill the rat!
Trog accepts your kill.
No target in view!
A hobgoblin comes into view.
The hobgoblin shouts!
You hear an angry hiss.
The hobgoblin moves out of view.
No target in view!
No target in view!
A giant cockroach comes into view.
A goblin comes into view. It is wielding a dagger.
You closely miss the hobgoblin.
The hobgoblin hits you but does no damage.
You closely miss the hobgoblin. The hobgoblin hits you.
The giant cockroach bites you but does no damage.
You take 1 damage, and have 17/19 hp.
You closely miss the hobgoblin.
Your tail-slap misses the hobgoblin.
The hobgoblin hits you.
The giant cockroach bites you but does no damage.
You take 2 damage, and have 15/19 hp.
You hit the hobgoblin but do no damage. The giant cockroach misses you.
You riposte.
You closely miss the giant cockroach. The hobgoblin hits you.
The giant cockroach completely misses you.
You riposte.
You hit the giant cockroach.
You tail-slap the giant cockroach, but do no damage.
You take 1 damage, and have 14/19 hp.
You closely miss the giant cockroach.
Your tail-slap misses the giant cockroach.
The hobgoblin hits you.
The giant cockroach completely misses you.
The hobgoblin hits you.
You take 3 damage, and have 11/19 hp.
You hit the hobgoblin.
Your tail-slap misses the hobgoblin.
The giant cockroach bites you but does no damage.
The hobgoblin hits you but does no damage.
You hit the hobgoblin.
You kill the hobgoblin!
Trog accepts your kill.
The giant cockroach bites you but does no damage. x2
You barely miss the goblin. The goblin hits you but does no damage.
The giant cockroach misses you.
You slash the goblin!
You kill the goblin!
Trog accepts your kill. The giant cockroach bites you.
The giant cockroach misses you.
You riposte.
You hit the giant cockroach.
You take 2 damage, and have 9/19 hp.
The giant cockroach barely misses you.
Found a stone staircase leading down.
Things that are here:
a dagger; a hobgoblin corpse You hit the giant cockroach.
You kill the giant cockroach!
Trog accepts your kill.
You see here a giant cockroach corpse.
You butcher the giant cockroach corpse.
c - a chunk of flesh {@w0}
Things that are here:
a dagger; a hobgoblin corpse You butcher the hobgoblin corpse.
c - 2 chunks of flesh {@w0} (gained 1)
You see here a dagger.
You start resting.
A leopard gecko comes into view.
The leopard gecko hisses angrily.
The leopard gecko closely misses you.
You closely miss the leopard gecko.
Your tail-slap misses the leopard gecko.
The leopard gecko bites you.
You take 2 damage, and have 8/19 hp.
You are too injured to fight recklessly!
You are too injured to fight recklessly!
You are too injured to fight recklessly!
You are too injured to fight recklessly!
You closely miss the leopard gecko. The leopard gecko bites you.
* * * LOW HITPOINT WARNING * * *
The leopard gecko bites you but does no damage.
You take 3 damage, and have 5/19 hp.
You closely miss the leopard gecko. The leopard gecko bites you.
* * * LOW HITPOINT WARNING * * *
You take 2 damage, and have 3/19 hp.
You closely miss the leopard gecko. The leopard gecko bites you.
You die...

#.....# #.....##
.###### #......#
....... #......##
....... #.......#
.......
#.....#.##.......
.......#).#.......
##..######.#.......
#..#......@.......
#[......#.#l......
......#.........
..... ##.....###
..... ....)# ....
#>...# .... #...#
...#


You could see a leopard gecko.

Vanquished Creatures
  A giant cockroach (D:1)
  A goblin (D:1)
  A hobgoblin (D:1)
  A frilled lizard (D:1)
  A rat (D:1)
5 creatures vanquished.

Notes
Turn   | Place    | Note
-------+----------+-------------------------------------------
     0 | D:1      | Firecrotchwizard the Draconian Berserker began the quest for the Orb.
     0 | D:1      | Reached XP level 1. HP: 19/19 MP: 1/1
    76 | D:1      | HP: 3/19 [leopard gecko (2)]
    77 | D:1      | Slain by a leopard gecko

Vault maps used:
D:1:      dpeg_arrival_another_circle

Action                   || total
-------------------------++-------
Melee: Falchion          ||    16
       Tailslap          ||     1
 Stab: Sleeping          ||     1
Armor: Skin              ||     9
Dodge: Dodged            ||     7
       Rpst.: Falchion   ||     3

Table legend:
 A = Spawn XP
 B = Non-spawn XP
 C = Spawn XP percentage of total XP
 D = Spawn monster count
 E = Non-spawn monster count
 F = Spawn count percentage of total count
 G = Total turns spent on level
                    A         B        C        D         E        F      G
               +---------+---------+-------+---------+---------+-------+---------
         Total |       0 |       8 |   0.0 |       0 |       5 |   0.0 |    77
               +---------+---------+-------+---------+---------+-------+---------
           D:1 |       0 |       8 |   0.0 |       0 |       5 |   0.0 |    77
               +---------+---------+-------+---------+---------+-------+---------

Vault maps used:
D:1:      dpeg_arrival_another_circle

Table legend:
 A = Turns spent in this place as a percentage of turns spent in the entire game.
 B = Non-inter-level travel turns spent in this place as a percentage of non-inter-level travel turns spent in the entire game.
 C = Inter-level travel turns spent in this place as a percentage of turns spent in this place.
 D = Turns resting spent in this place as a percentage of non-inter-level travel turns spent in this place.
 E = Turns spent auto-exploring this place as a percentage of non-inter-level travel turns spent in this place.
 F = Non-inter-level travel turns spent in this place divided by the number of levels of this place that you've seen.
                   A       B       C       D       E      F
               +-------+-------+-------+-------+-------+----------------------
         Total | 100.0 | 100.0 |   0.0 |   2.6 |  48.1 |  77.0
       Dungeon | 100.0 | 100.0 |   0.0 |   2.6 |  48.1 |  77.0
               +-------+-------+-------+-------+-------+----------------------

Table legend:
 A = Kills in this place as a percentage of kills in entire the game.
 B = Kills by you in this place as a percentage of kills by you in the entire game.
 C = Kills by friends in this place as a percentage of kills by friends in the entire game.
 D = Other kills in this place as a percentage of other kills in the entire game.
 E = Experience gained in this place as a percentage of experience gained in the entire game.
 F = Experience gained in this place divided by the number of levels of this place that you have seen.
                   A       B       C       D       E      F
               +-------+-------+-------+-------+-------+----------------------
         Total | 100.0 | 100.0 |   N/A |   N/A | 100.0 |   8.0
       Dungeon | 100.0 | 100.0 |   N/A |   N/A | 100.0 |   8.0
               +-------+-------+-------+-------+-------+----------------------
